 Dungeon Crawl Stone Soup version 0.28.0 (webtiles) character file.

Game seed: 11334226398391478546

46 browni3141 the Skirmisher (level 3, -2/34 HPs)
             Began as a Minotaur Berserker on Feb 16, 2022.
             Was a Believer of Trog.
             Slain by a black bear (4 damage)
             ... on level 2 of the Dungeon.
             The game lasted 00:00:31 (1147 turns).

browni3141 the Skirmisher (Minotaur Berserker)      Turns: 1147, Time: 00:00:32

Health: -2/34      AC:  2    Str: 23    XL:     3   Next: 44%
Magic:  2/2        EV: 12    Int:  4    God:    Trog [**....]
Gold:   42         SH:  0    Dex:  9    Spells: 2/2 levels left

rFire   . . .      SeeInvis .   a - +0 hand axe
rCold   . . .      Faith    .   (no shield)
rNeg    . . .      Spirit   .   b - +0 animal skin
rPois   .          Reflect  .   (helmet restricted)
rElec   .          Harm     .   (no cloak)
rCorr   .          Rampage  .   (no gloves)
Will    .....                   (no boots)
Stlth   +.........              (no amulet)
HPRegen 0.11/turn               (no ring)
MPRegen 0.08/turn               (no ring)

@: slowed, very slow
A: horns 2, retaliatory headbutt
a: Renounce Religion, Berserk, Trog's Hand


You were on level 2 of the Dungeon.
You worshipped Trog.
Trog was pleased with you.
You visited 1 branch of the dungeon, and saw 2 of its levels.

You collected 42 gold pieces.

Inventory:

Hand Weapons
 a - a +0 hand axe (weapon)
Armour
 b - a +0 animal skin (worn)
Scrolls
 c - 2 scrolls of identify {unknown}
 d - a scroll of immolation {unknown}
 f - a scroll of teleportation {unknown}
Potions
 e - a potion of curing {unknown}


   Skills:
 + Level 4.3 Fighting
 + Level 4.3 Axes
 + Level 3.3 Armour
 - Level 2.1 Dodging


You had 2 spell levels left.
You didn't know any spells.
Your spell library was empty.

Dungeon Overview and Level Annotations

Branches:
Dungeon (2/15)

Altars:

Annotations:
D:2 Natasha


Innate Abilities, Weirdness & Mutations

You have a pair of horns on your head.
You reflexively headbutt those who attack you in melee.


Message History

Natasha is heavily wounded.
You hit the goblin. The goblin hits you but does no damage.
Natasha barely misses you. The goblin hits you with a +0 dagger.
Natasha wildly gestures.
You feel disoriented. Natasha closely misses you.
There are monsters nearby!
There are monsters nearby!
You closely miss the goblin. Your headbutt misses the goblin.
The goblin is severely wounded.
You barely miss the black bear. You miss Natasha. The black bear bites you.
The black bear barely misses you. The black bear claws you.
The goblin hits you but does no damage.
Natasha stares at you and mumbles some strange words.
You resist with significant effort. The black bear closely misses you. x2
The black bear claws you.
There are monsters nearby!
You hit the goblin.
You kill the goblin!
Trog accepts your kill.
You hit the black bear but do no damage.
You miss Natasha. Natasha barely misses you. You furiously retaliate!
You headbutt Natasha.
The black bear bites you but does no damage.
The black bear misses you. The black bear barely misses you.
Natasha drinks a potion.
Natasha seems to grow stronger.
The black bear bites you. The black bear claws you.
The black bear barely misses you.
Natasha casts a spell.
The black bear misses you. The black bear claws you.
The black bear claws you but does no damage.
You see here a +0 dagger.
There are monsters nearby!
Natasha claws you!
* * * LOW HITPOINT WARNING * * *
The black bear bites you.
* * * LOW HITPOINT WARNING * * *
The black bear claws you but does no damage.
The black bear claws you.
You die...

#........# ##..#
#........#.........# ....
#####.†......##........# ....
..............#........#...>.
......#####...#........#
....)...# #...#........#
........# #...#........#
........# #...#h.......#
##......# #...')@.......
#......# #..5#h........
#......# #...#......!.#
#......# #...#........#
#......# #...#######+##
#......# #...# #......# #...#
#......# ##### ########


You could see a black bear, Natasha (strong) and a crimson imp (summoned).

Vanquished Creatures
  An adder (D:2)
  4 bats
  4 endoplasms
  A giant cockroach (D:1)
  A hobgoblin (D:1)
  6 kobolds
  5 ball pythons
  9 frilled lizards (D:1)
  3 goblins
  2 rats (D:1)
36 creatures vanquished.

Notes
Turn   | Place    | Note
-------+----------+-------------------------------------------
     0 | D:1      | browni3141 the Minotaur Berserker began the quest for the
                  | Orb.
     0 | D:1      | Reached XP level 1. HP: 19/19 MP: 0/0
    96 | D:1      | Reached XP level 2. HP: 26/27 MP: 1/1
   564 | D:1      | Reached ** piety under Trog
   966 | D:2      | Reached XP level 3. HP: 26/33 MP: 2/2
  1139 | D:2      | Noticed Natasha
  1140 | D:2      | Noticed a black bear
  1147 | D:2      | Slain by a black bear

Illustrated notes

Levels and vault maps discovered:
D:1:      shiori_arrival_elements, layout_rooms, hangedman_decor_push,
          st_stairs_14, minmay_lizard_pond
D:2:      layout_basic, serial_shops, shop, uniq_natasha

Skill      XL: |  1  2 |
---------------+-------+-----
Fighting       | 4 |  4.3
Axes           | 4 |  4.3
Armour         | 3 |  3.3
Dodging        | |  2.1

Action                   || total
-------------------------++-------
Melee: Hand axe          ||    59
       Headbutt          ||     9
Armor: Animal skin       ||    22
Dodge: Dodged            ||    54
